 Dungeon Sprint DCSS version 0.29-a0-337-g68df138881 (webtiles) character file.

Game seed: 7702096709345250092

12932 mhtbhm the Swashbuckler (level 12, -4/88 HPs)
             Began as a Kobold Berserker on Apr 16, 2022.
             Was the Champion of Trog.
             Slain by an orc knight
             ... wielding a +1 bardiche of venom
              (36 damage)
             ... in the Dungeon (Sprint IX: "|||||||||||||||||||||||||||||").
             The game lasted 00:03:33 (1640 turns).

mhtbhm the Swashbuckler (Kobold Berserker)          Turns: 1640, Time: 00:03:33

Health: -4/88      AC: 12    Str: 22    XL:     12   Next: 26%
Magic:  12/12      EV: 23    Int:  8    God:    Trog [******]
Gold:   1263       SH:  0    Dex: 15    Spells: 11/11 levels left

rFire   . . .      SeeInvis .   a - +2 rapier (elec)
rCold   . . .      Faith    .   (no shield)
rNeg    . . .      Spirit   .   b - +0 troll leather armour
rPois   .          Reflect  .   v - +0 helmet
rElec   .          Harm     .   t - +0 cloak
rCorr   .          Rampage  .   u - +0 pair of gloves
Will    .....      NoTele   +   k - +0 pair of boots
Stlth   ++++++++..              (no amulet)
HPRegen 1.04/turn               l - +2 ring of protection
MPRegen 0.13/turn               m - +3 ring of strength

@: on berserk cooldown, slowed, very slow
A: small, no large weapons, nightstalker 3
a: Renounce Religion, Berserk, Trog's Hand, Brothers in Arms


You were in the Dungeon.
You worshipped Trog.
Trog was exalted by your worship.
You visited 1 branch You collected 1263 gold pieces.

Inventory:

Hand Weapons
 a - a +2 rapier of electrocution (weapon)
 x - a +3 antimagic quick blade
Missiles
 w - 3 throwing nets (quivered)
Armour
 b - a +0 troll leather armour (worn)
 k - a +0 pair of boots (worn)
 n - a +0 buckler
 t - a +0 cloak (worn)
 u - a +0 pair of gloves (worn)
 v - a +0 helmet (worn)
Jewellery
 l - a +2 ring of protection (left hand)
 m - a +3 ring of strength (right hand)
Wands
 j - a wand of iceblast (1)
Scrolls
 h - a scroll of blinking
 p - 6 scrolls of enchant armour
 q - a scroll of identify
 r - a scroll of fear
Potions
 c - 5 potions of curing
 d - 7 potions of heal wounds
 e - a potion of haste
 f - 4 potions of magic
 g - 2 potions of berserk rage
 i - a potion of invisibility
 o - 2 potions of resistance
 s - a potion of attraction


   Skills:
 + Level 16.2 Fighting
 + Level 20.7 Short Blades
 + Level 0.8 Throwing
 + Level 5.8 Armour
 + Level 15.3 Dodging
 + Level 19.9 Stealth
 + Level 2.3 Evocations


You had 11 spell levels left.
You didn't know any spells.
Your spell library was empty.

Dungeon Overview and Level Annotations

Branches:
Dungeon (1/1)

Altars:
Cheibriados
Dithmenos
Elyvilon
Fedhas
Gozag
Hepliaklqana
Kikubaaqudgha
Makhleb
Nemelex Xobeh
Okawaru
Qazlal
Ru
Sif Muna
Trog
Uskayaw
Vehumet
Wu Jian
Xom
Yredelemnul
Zin
The Shining One
Beogh
Jiyva
Lugonu

Shops:
D (


Innate Abilities, Weirdness & Mutations

You are small and have problems with some larger weapons.
You are completely attuned to the shadows.


Message History

The mass of ice explodes!
The iceblast engulfs the orc knight!
The orc knight is almost dead.
The iceblast engulfs the orc knight!
The orc knight is moderately wounded.
Unknown command.
Unknown command.
Aiming: Iceblast
Press: ? - help, Shift-Dir - straight line, f/p - orc knight
Aim: an orc knight, wielding a +3 broad axe and wearing a +0 plate armour (almost dead)
The mass of ice explodes!
The iceblast engulfs the orc knight.
The orc knight is almost dead.
The iceblast engulfs the orc knight.
The orc knight is moderately wounded.
The orc knight misses you.
The orc high priest calls down the wrath of Beogh upon you.
Beogh smites you!
* * * LOW HITPOINT WARNING * * *
The orc knight misses you.
Unknown command.
Unknown command.
Unknown command.
Blink to where?
Press: ? - help, Dir - move target, p - orc knight
As you read the scroll of blinking, it crumbles to dust.
Aiming: Iceblast
Press: ? - help, Shift-Dir - straight line, f - orc knight
Aim: an orc knight, wielding a +3 broad axe and wearing a +0 plate armour (translocational energy, almost dead)
The mass of ice explodes!
The iceblast engulfs the orc knight!
You kill the orc knight!
Trog accepts your kill.
Your Evocations skill increases to level 2!
Unknown command.
Unknown command.
Unknown command.
Items here: ))))) [[[[[ ÷÷ †.
There is an open door, spattered with blood here.
Items here: )) [[.
Your stone giant goes berserk!
The orc knight hits you from afar with a +1 bardiche of venom!!!
You die...

▓_▓.▓†▓.▓o▓
▓_▓.▓.▓.▓.▓
▓_▓.▓†▓)▓)▓
▓_▓.▓†▓)▓.▓
▓_▓.▓)▓.▓.▓
▓_▓.▓.▓.▓o▓
▓_▓.▓.▓.▓o▓
▓_▓.▓.▓.▓C▓
▓_▓.▓.▓.▓@▓
▓_▓.▓†▓.▓.▓
▓_▓.▓.▓.▓)▓
▓_▓.▓†▓.▓)▓
▓_▓.▓†▓.▓)▓
▓_▓.▓)▓.▓)▓
▓_▓.▓'▓.▓)▓
▓_▓.▓.▓.▓)▓
▓_▓.▓.▓.▓)▓


You could see an orc knight (strong, ally target), an orc high priest (strong)
and a friendly stone giant (summoned, berserk).

Vanquished Creatures
  Harold (D)
  A centaur warrior (D)
  Erica (D)
  A death yak (D)
  An orc high priest (D)
  3 orc knights (D)
  An orc sorcerer (D)
  5 cane toads (D)
  2 rime drakes (D)
  A tengu conjurer (D)
  A komodo dragon (D)
  2 trolls (D)
  A polar bear (D)
  2 tyrant leeches (D)
  3 blink frogs (D)
  2 wyverns (D)
  A shadow (D)
  2 yaks (D)
  3 vampire mosquitoes (D)
  An acid dragon (D)
  7 orc warriors (D)
  A water moccasin (D)
  An ice beast (D)
  An ogre (D)
  2 centaurs (D)
  3 wolves (D)
  2 bullfrogs (D)
  A scorpion (D)
  A killer bee (D)
  6 orc priests (D)
  3 orc wizards (D)
  A gnoll (D)
  An adder (D)
  5 orcs (D)
  A bat (D)
  An endoplasm (D)
  A goblin (D)
  A jackal (D)
  A frilled lizard (D)
75 creatures vanquished.

Vanquished Creatures (collateral kills)
  2 orc knights (D)
  3 orc warriors (D)
5 creatures vanquished.

Grand Total: 80 creatures vanquished

Notes
Turn   | Place    | Note
-------+----------+-------------------------------------------
     0 | D        | mhtbhm the Kobold Berserker began the quest for the Orb.
     0 | D        | Reached XP level 1. HP: 14/14 MP: 1/1
    10 | D        | Reached ** piety under Trog
    25 | D        | Reached skill level 5 in Short Blades
    25 | D        | Reached XP level 2. HP: 12/20 MP: 2/2
   158 | D        | Noticed a scorpion
   158 | D        | Noticed an ice beast
   164 | D        | Killed an ice beast
   165 | D        | Reached skill level 8 in Short Blades
   165 | D        | Reached XP level 3. HP: 28/28 MP: 3/3
   165 | D        | Reached XP level 4. HP: 32/32 MP: 4/4
   165 | D        | Reached XP level 5. HP: 37/37 MP: 5/5
   165 | D        | Noticed an ogre
   170 | D        | Reached *** piety under Trog
   173 | D        | Reached skill level 9 in Short Blades
   173 | D        | Reached skill level 5 in Dodging
   184 | D        | Killed an ogre
   185 | D        | Reached skill level 11 in Short Blades
   185 | D        | Reached XP level 6. HP: 45/45 MP: 6/6
   194 | D        | Found a snail-covered altar of Cheibriados.
   194 | D        | Found a shadowy altar of Dithmenos.
   195 | D        | Found a white marble altar of Elyvilon.
   196 | D        | Found a blossoming altar of Fedhas.
   197 | D        | Found an opulent altar of Gozag.
   198 | D        | Found a hazy altar of Hepliaklqana.
   199 | D        | Found a viscous altar of Jiyva.
   200 | D        | Found an ancient bone altar of Kikubaaqudgha.
   201 | D        | Found a corrupted altar of Lugonu.
   202 | D        | Found a burning altar of Makhleb.
   203 | D        | Found a sparkling altar of Nemelex Xobeh.
   204 | D        | Found an iron altar of Okawaru.
   205 | D        | Found a stormy altar of Qazlal.
   206 | D        | Found a sacrificial altar of Ru.
   207 | D        | Found a shimmering blue altar of Sif Muna.
   208 | D        | Found a bloodstained altar of Trog.
   209 | D        | Found a hide-covered altar of Uskayaw.
   214 | D        | Found a radiant altar of Vehumet.
   215 | D        | Found an ornate altar of the Wu Jian Council.
   216 | D        | Found a shimmering altar of Xom.
   217 | D        | Found a basalt altar of Yredelemnul.
   218 | D        | Found a glowing silver altar of Zin.
   219 | D        | Found a glowing golden altar of the Shining One.
   257 | D        | Reached **** piety under Trog
   258 | D        | Noticed an acid dragon
   260 | D        | Reached skill level 12 in Short Blades
   260 | D        | Reached skill level 5 in Stealth
   260 | D        | Reached XP level 7. HP: 51/51 MP: 7/7
   260 | D        | Noticed a troll
   272 | D        | Killed an acid dragon
   272 | D        | Reached ***** piety under Trog
   273 | D        | Reached skill level 13 in Short Blades
   276 | D        | Killed a troll
   277 | D        | Reached skill level 10 in Fighting
   277 | D        | Reached skill level 14 in Short Blades
   277 | D        | Reached XP level 8. HP: 58/58 MP: 8/8
   427 | D        | Noticed a troll
   428 | D        | Noticed a shadow
   429 | D        | Killed a troll
   430 | D        | Noticed a centaur warrior
   439 | D        | Noticed a tengu conjurer
   443 | D        | Reached skill level 15 in Short Blades
   443 | D        | Reached skill level 10 in Stealth
   447 | D        | Killed a shadow
   447 | D        | Received a gift from Trog
   448 | D        | Reached XP level 9. HP: 46/64 MP: 9/9
   458 | D        | Killed a centaur warrior
   459 | D        | Reached skill level 16 in Short Blades
   459 | D        | Reached skill level 10 in Dodging
   467 | D        | Killed a tengu conjurer
   738 | D        | Noticed a cane toad
   738 | D        | Noticed a cane toad
   741 | D        | Reached skill level 17 in Short Blades
   741 | D        | Noticed a polar bear
   744 | D        | Killed a cane toad
   747 | D        | Noticed a komodo dragon
   751 | D        | Killed a cane toad
   752 | D        | Reached XP level 10. HP: 62/72 MP: 10/10
   754 | D        | Received a gift from Trog
   818 | D        | Reached ****** piety under Trog
   823 | D        | Killed a komodo dragon
   824 | D        | Reached skill level 18 in Short Blades
   922 | D        | Noticed a rime drake
   924 | D        | Received a gift from Trog
   925 | D        | Noticed a rime drake
   927 | D        | Noticed a death yak
   934 | D        | Killed a rime drake
   935 | D        | Reached skill level 15 in Stealth
   943 | D        | Killed a death yak
   948 | D        | Killed a rime drake
   954 | D        | Reached XP level 11. HP: 78/78 MP: 11/11
   969 | D        | Reached skill level 19 in Short Blades
  1017 | D        | Received a gift from Trog
  1155 | D        | Noticed Erica
  1159 | D        | Killed Erica
  1159 | D        | Received a gift from Trog
  1179 | D        | Noticed Harold
  1183 | D        | Killed Harold
  1184 | D        | Reached skill level 5 in Armour
  1225 | D        | Received a gift from Trog
  1233 | D        | Received a gift from Trog
  1238 | D        | Reached skill level 15 in Fighting
  1393 | D        | Noticed an orc sorcerer
  1400 | D        | Reached skill level 20 in Short Blades
  1409 | D        | Paralysed by an orc sorcerer for 2 turns
  1412 | D        | Killed an orc sorcerer
  1417 | D        | Noticed an orc knight
  1424 | D        | Killed an orc knight
  1424 | D        | Received a gift from Trog
  1596 | D        | Noticed an orc high priest
  1596 | D        | Noticed an orc knight
  1596 | D        | Noticed an orc knight
  1597 | D        | Noticed an orc knight
  1598 | D        | Killed an orc knight
  1599 | D        | Reached skill level 15 in Dodging
  1599 | D        | Reached skill level 1 in Evocations
  1599 | D        | Reached XP level 12. HP: 88/88 MP: 12/12
  1608 | D        | Received a gift from Trog
  1609 | D        | Found Refuk's Weapon Boutique.
  1616 | D        | Killed an orc high priest
  1617 | D        | Noticed an orc high priest
  1640 | D        | Slain by an orc knight

Illustrated notes

Levels and vault maps discovered:
D:        linesprint [early_d, line_temple, items_1, d_10, items_2, lair_1,
          lair_end, items_3, orc_1, orc_end, items_4, d_15, swamp_1, shoals_1,
          snake_1, spider_1, d_20, vaults_1, items_5, swamp_end, shoals_end,
          snake_end, spider_end, vaults_end, d_27, items_6, zot_1, zot_end,
          crypt_end, forest_end, elf_end, slime_end, tomb_end, abyss_end,
          pan_hell_end]

Skill      XL: |  1  2  3  4  5  6  7  8  9 10 11 12 |
---------------+-------------------------------------+-----
Fighting       | 4 6 8 9 10 11 12 13 15 16 | 16.2
Short Blades   | 5 8 11 12 14 15 17 18 20 | 20.7
Armour         | 2 3 4 5 |  5.8
Dodging        | 4 5 6 8 9 11 13 15 | 15.3
Stealth        | 2 4 5 8 10 13 16 19 | 19.9
Evocations     | 1 2 |  2.3
Throwing       | |  0.8

Action                   |  1- 3 |  4- 6 |  7- 9 | 10-12 || total
-------------------------+-------+-------+-------+-------++-------
Melee: Short sword       |    22 |    17 |       |       ||    39
       Rapier            |       |     2 |    56 |   184 ||   242
       Punch             |       |       |     2 |       ||     2
Throw: Throwing net      |       |       |       |     2 ||     2
Invok: Berserk           |     1 |       |     3 |     6 ||    10
       Brothers in Arms  |       |       |       |     3 ||     3
Evoke: Wand              |       |       |       |     9 ||     9
  Use: Scroll            |       |       |       |     1 ||     1
 Stab: Sleeping          |     2 |     2 |     3 |     8 ||    15
       Distracted        |       |       |     1 |       ||     1
Armor: Animal skin       |     4 |       |     7 |       ||    11
       Troll leather arm |       |       |       |    12 ||    12
Dodge: Dodged            |    15 |     6 |    39 |    95 ||   155

Table legend: (Time is in decaauts)
 A = Elapsed time spent in this place.
 B = Non-inter-level travel time spent in this place.
 C = Inter-level travel time spent in this place.
 D = Time resting spent in this place.
 E = Time spent auto-exploring this place.
 F = Levels seen in this place.
 G = Mean time per level.
                   A        B        C        D        E       F      G
               +--------+--------+--------+--------+--------+-----+--------+
         Total |   1587 |   1587 |      0 |    854 |    123 |   1 | 1587.0 |
       Dungeon |   1587 |   1587 |      0 |    854 |    123 |   1 | 1587.0 |
               +--------+--------+--------+--------+--------+-----+--------+

Top non-repeatable levels by time:
       D: 1587 daAuts
